Map: [ESL] Site Delta

Players

Maru - Winner!

  • Race: Terran Terran
  • Spawn Location: 11:00

Dark

  • Race: Zerg Zerg
  • Spawn Location: 5:00

Event: IEM Katowice 2024

VOD

Have the link to the VOD?

Description

Time

  • Played on: Feb. 10, 2024, 9:06 a.m.
  • Length: 22:56

All games in this series

Show
View Real Time Build Order
Export as new Build Order

Maru Terran - Winner!

Build Orders: Cyclone Opening, Reaper Expand 

Get SALT Encoding   

  12  0:00  SCV  
  13  0:12  SCV  
  14  0:17  Supply Depot  
  14  0:24  SCV  
  15  0:38  SCV  
  15  0:40  Barracks  
  16  0:44  Refinery  
  16  0:50  SCV  
  17  1:02  SCV  
  18  1:15  SCV  
  19  1:27  Orbital Command, Reaper  
  20  1:37  Command Center  
  20  1:46  Supply Depot  
  20  1:52  SCV  
  21  1:59  Marine  
  22  2:05  SCV  
  23  2:10  Factory  
  23  2:17  SCV  
  23  2:20  Marine  
  25  2:29  SCV  
  25  2:40  Barracks Reactor  
  25  2:41  SCV  
  25  2:43  Bunker  
  26  2:51  Orbital Command  
  26  2:53  SCV  
  26  2:56  Cyclone  
  29  3:05  SCV  
  30  3:06  Command Center  
  30  3:16  Marine x2  
  30  3:17  SCV  
  33  3:24  Supply Depot  
  33  3:28  Cyclone  
  33  3:32  SCV  
  36  3:36  Marine x2  
  38  3:43  Supply Depot  
  38  3:51  Bunker, Starport  
  38  3:54  Marine x2  
  40  4:03  Cyclone  
  40  4:08  SCV  
  43  4:11  Refinery  
  43  4:12  Marine x2  
  45  4:19  Orbital Command  
  45  4:20  SCV  
  46  4:27  Orbital Command  
  46  4:30  Marine x2  
  48  4:32  SCV  
  45  4:44  SCV  
  42  4:52  Marine x2  
  42  4:56  Factory Tech Lab, SCV x2  
  42  4:59  Medivac, SCV  
  45  5:08  Supply Depot, SCV  
  45  5:09  SCV  
  45  5:11  SCV  
  48  5:20  SCV  
  48  5:21  SCV  
  50  5:22  Hellion x2, Marine  
  50  5:23  SCV  
  56  5:30  Supply Depot  
  56  5:32  Stimpack  
  56  5:33  SCV x2  
  56  5:35  SCV  
  59  5:36  Engineering Bay  
  59  5:38  Engineering Bay  
  59  5:40  Starport Reactor  
  59  5:41  Barracks  
  59  5:45  SCV  
  59  5:46  SCV  
  59  5:49  Refinery  
  61  5:50  Barracks  
  61  5:52  SCV  
  61  5:53  Factory Reactor, Supply Depot  
  62  5:57  SCV  
  62  6:00  Refinery  
  63  6:05  Marine  
  64  6:11  Terran Infantry Weapons Level 1, Terran Infantry Armor Level 1  
  64  6:12  SCV x3  
  64  6:17  Barracks  
  64  6:18  Barracks  
  67  6:22  Supply Depot  
  67  6:23  Marine  
  67  6:24  SCV  
  69  6:27  Medivac  
  72  6:32  SCV  
  72  6:35  SCV  
  72  6:36  SCV  
  72  6:39  Factory Tech Lab  
  74  6:40  Marine  
  74  6:43  Marine  
  76  6:49  Marine x2, Supply Depot  
  76  6:50  Armory, Marine  
  76  6:51  Medivac  
  76  6:53  SCV  
  76  6:54  SCV  
  84  6:58  Marine  
  84  7:01  Orbital Command, Siege Tank, Marine  
  88  7:06  SCV x2  
  88  7:07  Marine x3  
  93  7:09  Barracks Reactor x2  
  93  7:10  Barracks Tech Lab  
  93  7:15  Combat Shield  
  93  7:16  Command Center, Marine  
  93  7:18  SCV x2  
  93  7:19  Marine  
  95  7:25  Marine x3  
  95  7:28  Medivac  
  95  7:29  Marine  
  99  7:30  SCV  
  99  7:34  Marine  
  101  7:39  Supply Depot  
  101  7:44  Siege Tank, SCV, Marine x4  
  109  7:54  Concussive Shells  
  109  7:56  Supply Depot  
  109  8:00  Marauder x2, SCV, Marine  
  109  8:02  Marine x2  
  117  8:09  Terran Infantry Weapons Level 2  
  117  8:12  Terran Infantry Armor Level 2, SCV  
  117  8:13  Supply Depot x3  
  117  8:17  Refinery x2  
  117  8:18  SCV x2  
  117  8:19  Supply Depot  
  119  8:20  Supply Depot  
  119  8:23  Siege Tank, Marine  
  119  8:26  Marine x2  
  125  8:27  SCV  
  125  8:30  SCV  
  125  8:31  SCV  
  125  8:34  Marine  
  129  8:35  Factory, Marauder  
  129  8:40  SCV  
  132  8:42  Command Center  
  132  8:46  Medivac  
  134  8:51  Marine  
  134  8:52  Marauder  
  134  8:55  Siege Tank  
  140  8:56  SCV  
  140  8:57  Marine x4  
  145  9:03  SCV  
  145  9:05  SCV  
  145  9:08  SCV, Medivac  
  150  9:11  Barracks  
  150  9:14  Barracks  
  150  9:15  SCV  
  151  9:17  Barracks, Marine  
  151  9:18  Marauder  
  151  9:19  Factory Reactor  
  151  9:21  SCV  
  151  9:22  Marauder  
  157  9:25  Marine  
  152  9:35  Viking, Ghost Academy  
  152  9:38  Viking  
  154  9:39  Marauder  
  154  9:43  Planetary Fortress  
  156  9:47  Marauder, Missile Turret, Marine  
  159  9:53  Sensor Tower, SCV x3  
  159  9:56  Orbital Command, Supply Depot  
  162  10:00  Barracks Tech Lab  
  162  10:02  Barracks Tech Lab  
  162  10:05  SCV  
  162  10:06  Ghost  
  163  10:08  Ghost  
  163  10:11  Refinery  
  163  10:12  Refinery  
  163  10:13  Widow Mine  
  163  10:14  Widow Mine x2  
  173  10:15  Drilling Claws  
  173  10:18  Barracks Tech Lab  
  173  10:21  Missile Turret  
  173  10:23  Missile Turret  
  173  10:24  Ghost  
  175  10:32  Command Center  
  175  10:35  Ghost  
  175  10:36  Widow Mine x2  
  175  10:37  Personal Cloaking, Widow Mine  
  175  10:42  Missile Turret  
  183  10:48  Liberator x2  
  189  10:55  Command Center  
  188  11:06  Terran Infantry Weapons Level 3  
  184  11:12  Ghost  
  184  11:14  Missile Turret  
  184  11:15  Missile Turret  
  182  11:22  Terran Vehicle And Ship Armor Level 1  
  182  11:23  Terran Infantry Armor Level 3  
  182  11:29  Sensor Tower  
  182  11:30  Missile Turret  
  182  11:36  Missile Turret  
  182  11:44  Ghost x2  
  182  11:45  Widow Mine  
  182  11:46  Widow Mine  
  190  11:53  Missile Turret x2  
  190  11:56  Missile Turret  
  190  11:59  Missile Turret  
  190  12:06  Orbital Command  
  190  12:09  Widow Mine x3  
  190  12:14  Starport  
  190  12:15  Starport  
  196  12:21  Command Center  
  194  12:31  Liberator x2  
  194  12:40  Ghost x2  
  194  12:41  Ghost x3  
  194  12:43  Widow Mine  
  194  12:44  Widow Mine x2  
  200  12:52  Starport Reactor  
  200  12:53  Fusion Core, Starport Reactor  
  200  13:01  Missile Turret  
  200  13:03  Missile Turret x2  
  200  13:05  Sensor Tower  
  200  13:14  Planetary Fortress  
  200  13:19  Terran Vehicle And Ship Armor Level 2  
  200  13:25  Refinery x2  
  198  13:27  Command Center  
  198  13:30  Armory  
  198  13:36  Orbital Command  
  198  13:43  Command Center  
  198  13:50  Advanced Ballistics  
  198  13:51  Nuke  
  198  14:00  Orbital Command  
  198  14:08  Neosteel Armor  
  198  14:09  Hi-Sec Auto Tracking  
  198  14:15  Ghost  
  198  14:17  Command Center  
  198  14:21  Ghost  
  198  14:45  Ghost x2, Marine  
  193  14:56  Liberator x2, Medivac x2  
  193  14:59  SCV  
  200  15:02  Caduceus Reactor  
  200  15:03  Nuke  
  200  15:09  Command Center  
  200  15:13  Liberator  
  198  15:15  Orbital Command  
  194  15:29  Liberator  
  194  15:30  Liberator  
  198  15:38  Ghost x5  
  198  15:39  Liberator x3  
  198  15:42  Planetary Fortress  
  185  15:50  Marine x5  
  185  15:56  SCV x3  
  185  15:57  SCV x3  
  196  16:06  Ghost x2  
  195  16:26  Marauder x2, Marine x2  
  195  16:27  Marauder, Marine  
  195  16:28  Planetary Fortress  
  195  16:29  Marine x3  
  195  16:36  Marauder x2  
  197  16:43  Marine  
  197  16:44  Marine  
  197  16:45  Marine  
  200  16:48  Terran Ship Weapons Level 1, Terran Vehicle And Ship Armor Level 3  
  198  16:55  Ghost x2  
  198  16:56  Liberator  
  197  17:03  Ghost x2  
  197  17:07  Command Center  
  200  17:08  Widow Mine x2  
  200  17:10  Refinery  
  200  17:11  Refinery  
  200  17:15  Ghost  
  196  17:23  Liberator  
  196  17:26  Refinery  
  199  17:30  Sensor Tower  
  199  17:52  Command Center  
  190  17:59  Ghost  
  190  18:03  Orbital Command, Medivac x2  
  164  18:10  SCV  
  164  18:11  Missile Turret, SCV x4  
  164  18:12  Ghost, Missile Turret, Widow Mine x3  
  168  18:13  Ghost, Marine x4  
  168  18:14  Marine x3  
  174  18:20  Ghost  
  174  18:23  SCV x5  
  179  18:27  Ghost  
  179  18:29  SCV  
  179  18:31  Ghost, Marine x4  
  179  18:32  Marine x2  
  190  18:35  SCV x4  
  194  18:42  Marauder x2  
  194  18:44  Widow Mine  
  198  18:49  Marine x2  
  200  18:59  Marine x2  
  200  19:00  Marauder x2  
  200  19:01  Marine x2, Marauder  
  196  19:03  Marauder x2  
  196  19:06  Marine  
  196  19:09  Marine  
  198  19:13  SCV  
  198  19:14  SCV  
  198  19:17  Marine x2  
  200  19:25  Orbital Command  
  200  19:29  Command Center  
  200  19:37  Medivac  
  197  19:44  Missile Turret x2  
  197  19:45  Missile Turret  
  195  19:48  Marine  
  195  19:49  Marauder x2, Marine  
  195  19:53  SCV x2  
  195  19:54  SCV x5  
  195  19:55  Missile Turret  
  199  20:02  Marine  
  191  20:23  Ghost  
  191  20:33  Medivac x2  
  194  20:36  Command Center  
  194  20:39  Command Center  
  194  20:40  Missile Turret  
  194  20:41  Sensor Tower  
  154  20:59  Liberator x4  
  154  21:01  Ghost x2, Marine  
  154  21:02  Marauder x3, Marine x4  
  154  21:03  Liberator  
  176  21:05  Medivac  
  176  21:10  Widow Mine x3  
  184  21:13  Sensor Tower  
  183  21:23  Marauder x2  
  183  21:25  Orbital Command  
  182  21:29  Marine  
  182  21:30  Marauder x3, Marine x4  
  192  21:35  Medivac  
  190  21:41  Missile Turret  
  190  21:42  Liberator x2, Missile Turret x2, Medivac x2  
  190  21:44  Missile Turret x2  
  190  21:45  Marauder x2  
  199  21:59  Marine  
  152  22:32  Marine x3  
Show
View Real Time Build Order
Export as new Build Order

Dark Zerg 

Build Orders: Pool First 

Get SALT Encoding   

  12  0:00  Drone  
  13  0:12  Overlord  
  13  0:16  Drone  
  14  0:31  Drone x2  
  16  0:40  Spawning Pool  
  15  0:44  Drone  
  15  0:47  Drone  
  17  0:56  Drone  
  18  1:11  Hatchery  
  17  1:13  Extractor  
  17  1:15  Drone  
  17  1:20  Drone  
  18  1:30  Roach Warren  
  18  1:31  Zergling x2  
  18  1:41  Queen  
  20  1:49  Overlord  
  20  2:10  Roach x2  
  20  2:11  Roach  
  26  2:23  Roach  
  26  2:24  Roach  
  30  2:35  Queen  
  30  2:36  Drone x2  
  33  2:46  Overlord  
  33  2:48  Drone  
  33  2:50  Ravager  
  35  3:00  Drone  
  35  3:05  Drone x3  
  39  3:07  Drone  
  39  3:08  Drone  
  41  3:17  Drone x2  
  43  3:20  Ravager  
  44  3:28  Overlord  
  44  3:39  Overlord  
  44  3:40  Overlord  
  44  3:46  Queen  
  46  3:48  Ravager  
  46  3:50  Drone x5  
  52  3:56  Overlord  
  52  4:05  Drone x2  
  52  4:07  Drone x2  
  56  4:14  Hatchery  
  56  4:16  Ravager  
  56  4:20  Drone x2  
  56  4:22  Drone  
  56  4:23  Drone  
  56  4:24  Drone  
  61  4:28  Drone x3  
  64  4:32  Extractor  
  64  4:33  Extractor, Drone  
  64  4:34  Drone  
  64  4:42  Drone  
  60  4:48  Drone x2  
  56  4:57  Drone x6  
  56  4:59  Queen  
  61  5:01  Lair  
  61  5:08  Evolution Chamber  
  61  5:09  Evolution Chamber  
  61  5:10  Roach x3  
  65  5:16  Roach  
  67  5:22  Overlord  
  67  5:25  Queen  
  67  5:27  Roach x2  
  67  5:28  Drone  
  74  5:30  Overlord  
  74  5:36  Zerg Ground Armor Level 1  
  74  5:40  Drone  
  74  5:41  Drone  
  74  5:42  Drone x3  
  79  5:43  Drone  
  79  5:46  Zerg Missile Weapons Level 1  
  79  5:49  Drone  
  81  5:50  Drone x2  
  81  5:54  Drone x2  
  85  5:57  Extractor  
  85  6:00  Drone x5  
  85  6:03  Extractor  
  85  6:04  Extractor, Roach  
  87  6:06  Overlord  
  87  6:08  Overlord  
  87  6:11  Overlord  
  89  6:12  Overlord  
  89  6:18  Overlord  
  89  6:23  Glial Reconstitution, Overlord  
  89  6:31  Roach x4  
  95  6:35  Infestation Pit  
  95  6:36  Hatchery  
  95  6:38  Roach x2  
  99  6:40  Roach  
  99  6:45  Drone x2  
  99  6:47  Drone x2  
  103  6:50  Roach x2  
  103  6:51  Roach x2  
  111  6:56  Roach x2  
  111  6:57  Drone x2  
  117  7:06  Roach, Ravager  
  117  7:07  Roach  
  122  7:08  Baneling Nest  
  122  7:14  Hive  
  121  7:16  Overlord x2  
  121  7:28  Drone  
  120  7:30  Infestor  
  120  7:34  Infestor  
  120  7:36  Metabolic Boost  
  124  7:38  Zergling x16  
  124  7:41  Ravager x2  
  124  7:43  Drone  
  124  7:44  Drone  
  136  7:46  Zergling x4  
  136  7:49  Drone  
  136  7:50  Drone x3  
  142  7:52  Zerg Ground Armor Level 2  
  142  7:53  Zerg Melee Weapons Level 1, Zergling x4  
  144  8:05  Overlord  
  144  8:09  Zergling x2, Hatchery  
  144  8:15  Overlord x2  
  144  8:19  Overlord  
  144  8:20  Overlord  
  144  8:24  Drone  
  144  8:25  Viper, Drone x2  
  150  8:27  Centrifugal Hooks  
  150  8:28  Overlord x2  
  150  8:33  Overlord  
  150  8:34  Zergling x16  
  150  8:39  Zergling x6  
  161  8:42  Viper  
  164  8:48  Ultralisk Cavern  
  164  8:52  Zergling x18  
  164  8:54  Baneling x2  
  164  8:55  Zergling x2  
  173  8:59  Drone  
  173  9:02  Burrow  
  174  9:03  Zergling x4  
  176  9:10  Baneling x5  
  176  9:12  Zergling x12  
  182  9:17  Zergling x14  
  188  9:32  Drone  
  188  9:35  Hatchery  
  188  9:36  Zergling x14, Chitinous Plating  
  195  9:43  Adrenal Glands  
  195  9:48  Zerg Melee Weapons Level 2  
  195  9:51  Overlord  
  195  9:52  Overlord x2  
  195  9:53  Pneumatized Carapace  
  195  9:59  Zergling x10  
  200  10:01  Baneling x3  
  200  10:02  Baneling  
  200  10:03  Hatchery  
  198  10:20  Zerg Ground Armor Level 3  
  196  10:36  Drone x3  
  198  10:55  Anabolic Synthesis  
  197  10:57  Zergling x4  
  199  11:09  Zergling x2  
  197  11:19  Baneling  
  197  11:20  Baneling x3  
  197  11:23  Drone x2  
  197  11:25  Spire  
  196  11:39  Drone x2, Overseer  
  198  11:43  Drone  
  199  11:53  Drone  
  199  11:55  Drone  
  199  12:06  Drone  
  199  12:07  Spore Crawler  
  199  12:08  Drone  
  200  12:10  Extractor  
  200  12:13  Drone  
  199  12:17  Extractor  
  198  12:27  Baneling x7  
  198  12:28  Drone x3  
  199  12:32  Zerg Melee Weapons Level 3  
  188  12:42  Greater Spire  
  181  12:45  Hydralisk Den  
  181  12:46  Zergling x28  
  194  12:51  Drone, Hatchery  
  194  12:53  Zergling x10  
  194  12:57  Zerg Missile Weapons Level 2  
  199  13:01  Baneling x2  
  199  13:02  Baneling x4  
  199  13:06  Baneling x2  
  199  13:07  Baneling  
  199  13:11  Spore Crawler  
  198  13:13  Drone  
  198  13:16  Zergling x2, Hatchery  
  198  13:18  Neural Parasite  
  198  13:25  Grooved Spines  
  187  13:35  Baneling x25  
  187  13:36  Zergling x24, Baneling x6  
  187  13:37  Baneling x14  
  187  13:40  Extractor x2, Drone x2  
  198  13:51  Drone  
  198  13:52  Overseer x2  
  199  13:59  Nydus Network  
  199  14:01  Zergling x2  
  195  14:15  Muscular Augments  
  195  14:16  Zergling x62  
  199  14:25  Zergling x2  
  199  14:27  Zerg Flyer Weapons Level 1  
  199  14:29  Hatchery  
  199  14:36  Zergling x6  
  200  14:41  Zergling x2  
  200  14:42  Zergling x12  
  189  14:48  Zergling x18  
  196  14:56  Zergling x8, Infestor  
  196  14:57  Baneling x19  
  196  14:58  Baneling x5  
  199  15:05  Zergling x2  
  194  15:08  Zergling x14  
  199  15:18  Drone  
  194  15:32  Zergling x20  
  194  15:41  Hydralisk x10  
  199  15:46  Baneling  
  199  15:47  Baneling  
  199  15:52  Zergling x2  
  199  15:54  Baneling x14  
  199  15:55  Baneling  
  199  15:56  Hatchery  
  199  15:57  Zerg Missile Weapons Level 3  
  199  15:58  Baneling x2  
  198  16:10  Zergling x18  
  199  16:15  Spore Crawler  
  199  16:16  Zergling x2, Overseer  
  199  16:21  Hatchery  
  199  16:22  Zerg Flyer Armor Level 1  
  192  16:31  Zergling x36  
  195  16:38  Zergling x2  
  195  16:39  Zergling x6  
  191  16:40  Zergling x2  
  191  16:49  Zergling x6  
  172  16:56  Corruptor x14  
  188  17:03  Zergling x6  
  188  17:05  Baneling x4  
  188  17:07  Drone x3  
  188  17:08  Drone x4  
  190  17:09  Drone x2  
  190  17:11  Drone x4  
  193  17:26  Drone x3  
  193  17:27  Drone  
  197  17:33  Baneling x14  
  197  17:34  Baneling x3  
  197  17:36  Zergling x6  
  200  17:37  Baneling  
  200  17:51  Overseer x2  
  196  18:04  Zergling x8  
  196  18:05  Zergling x28  
  197  18:15  Zerg Flyer Weapons Level 2  
  192  18:20  Zergling x18  
  196  18:29  Spore Crawler  
  196  18:30  Hatchery  
  196  18:31  Baneling x10  
  196  18:33  Zergling x12  
  193  18:49  Zergling x2  
  193  18:50  Zergling x14  
  195  18:59  Zergling x22  
  184  19:03  Zergling x2  
  184  19:05  Hydralisk x2  
  179  19:10  Drone x9  
  179  19:11  Drone x2  
  179  19:16  Zergling x14  
  173  19:21  Zergling x14  
  173  19:24  Hydralisk x2, Overlord  
  177  19:26  Hatchery  
  179  19:31  Zergling x2  
  174  19:39  Zergling x6  
  174  19:40  Zergling x2  
  174  19:43  Drone x3  
  179  19:45  Zergling x2  
  179  19:47  Baneling x11  
  179  19:48  Baneling  
  179  19:52  Zergling x16  
  177  19:53  Zergling x4  
  177  19:58  Zergling x6  
  177  19:59  Zergling x2  
  179  20:00  Zergling x2  
  179  20:04  Overlord x2  
  179  20:05  Overlord  
  179  20:06  Zergling x4  
  178  20:08  Infestor  
  177  20:14  Zergling x4  
  177  20:19  Zergling x10  
  158  20:22  Zergling x4  
  158  20:24  Zergling x2  
  158  20:28  Zergling x6  
  162  20:31  Zerg Flyer Armor Level 2  
  162  20:34  Infestor x2  
  164  20:37  Hydralisk x2  
  164  20:41  Hatchery  
  159  20:50  Zergling x16  
  153  21:00  Hydralisk x5  
  153  21:03  Zergling x6  
  146  21:04  Hydralisk  
  146  21:05  Overseer x2  
  146  21:06  Overseer x2  
  146  21:07  Baneling  
  146  21:08  Baneling x3  
  146  21:10  Drone x6  
  154  21:11  Infestor  
  154  21:15  Zergling x10  
  161  21:18  Hatchery  
  161  21:20  Zergling x2  
  161  21:21  Zergling x8  
  161  21:22  Zergling x4  
  163  21:30  Zergling x12  
  163  21:32  Drone  
  170  21:36  Zergling x2  
  170  21:37  Zergling x8  
  175  21:41  Zergling x4  
  174  21:48  Zergling x4  
  174  21:49  Zergling x10  
  174  21:50  Zergling x10  
  174  21:51  Hatchery  
  174  21:53  Infestor  
  184  22:00  Lurker Den  
  183  22:04  Zergling x12, Hatchery  
  183  22:05  Zergling x2  
  183  22:06  Zergling x2  
  191  22:08  Zergling x2  
  191  22:10  Baneling  
  190  22:18  Zergling x6  
  190  22:19  Zergling x10  
  178  22:28  Zergling x22  
  155  22:31  Zergling x4  
  155  22:34  Zergling x2  
  155  22:35  Zergling x2  
  147  22:38  Overseer  

Tags
 
Add a new tag
Caveats
  • Supply blocks, unpowered buildings, or Contaminate may cause inaccurate times.
  • Supply counts are checked every 10 seconds.